| TOP OF THE 1ST |
|
Arkansas Travelers batting - Pitching for Jackson Generals : RHP Kyle Wood
|
|
Pitching: RHP Kyle Wood
|
|
|
Batting: RHB Nick Lombardo
|
0-0: Ball 1-0: Ball 2-0: Called Strike 2-1: Ground out 5-3 (Groundball, 5S, EV 68.1 MPH)
|
|
Batting: RHB Ricky Mejicanos
|
0-0: Ball 1-0: Ball 2-0: Called Strike 2-1: Ball 3-1: Base on Balls
|
|
Batting: RHB Kyler Seitz
|
0-0: Swinging Strike 0-1: Foul Ball, location: 2F 0-2: Strikes out looking
|
|
Batting: LHB Mutsuo IIda
|
0-0: Swinging Strike 0-1: Ball Ricky Mejicanos is caught stealing 2nd base 2-6
|
| Top of the 1st over - 0 runs, 0 hits, 0 errors, 0 left on base; Arkansas 0 - Jackson 0 |
| BOTTOM OF THE 1ST |
|
Jackson Generals batting - Pitching for Arkansas Travelers : RHP Bartholomeu Voivodic
|
|
Pitching: RHP Bartholomeu Voivodic
|
|
|
Batting: RHB Enrique Valdez
|
0-0: Ball 1-0: Swinging Strike 1-1: Swinging Strike 1-2: Ball 2-2: Foul Ball, location: 2F 2-2: Fly out, F8 (Flyball, 89D, EV 90.0 MPH)
|
|
Batting: LHB Chris Jackson
|
0-0: Ball 1-0: Ball 2-0: Called Strike 2-1: Ball 3-1: Ground out U3 (Groundball, 34S, EV 91.2 MPH)
|
|
Batting: LHB Addisu Nyamekye
|
0-0: Ball 1-0: Ball 2-0: Foul Ball, location: 2F 2-1: Foul Ball, location: 2F 2-2: Ball 3-2: Foul Ball, location: 2F 3-2: Foul Ball, location: 2F 3-2: Foul Ball, location: 2F 3-2: DOUBLE (Line Drive, 5D, EV 98.1 MPH)
|
|
Batting: LHB Jason Kinney
|
0-0: Ball 1-0: Called Strike 1-1: Fly out, F9 (Flyball, 89S, EV 92.5 MPH)
|
| Bottom of the 1st over - 0 runs, 1 hit, 0 errors, 1 left on base; Arkansas 0 - Jackson 0 |
| TOP OF THE 2ND |
|
Arkansas Travelers batting - Pitching for Jackson Generals : RHP Kyle Wood
|
|
Batting: LHB Mutsuo IIda
|
0-0: Called Strike 0-1: Called Strike 0-2: SINGLE (Groundball, 4MD, EV 99.4 MPH)
|
|
Batting: RHB Juan Montez
|
0-0: SINGLE (Groundball, 56D, EV 101.9 MPH) Mutsuo IIda to second
|
|
Batting: RHB Kinya Nishimura
|
0-0: Called Strike 0-1: Ball 1-1: Ball 2-1: Fielders Choice at 2nd, 6-4 (Groundball, 56, EV 107.5 MPH) Mutsuo IIda to third
|
|
Batting: RHB Danny Bjarnson
|
0-0: Called Strike 0-1: Ball 1-1: Called Strike 1-2: Fly out, F9 (Flyball, 89S, EV 86.9 MPH)
|
|
Batting: RHB Phil Knox
|
0-0: Ball 1-0: Ball 2-0: Ball 3-0: Called Strike 3-1: SINGLE (Flyball, 8RS, EV 100.0 MPH) Mutsuo IIda scores Kinya Nishimura to second
|
|
Batting: RHB Davey Verhoog
|
0-0: Called Strike 0-1: Called Strike 0-2: Ball 1-2: Strikes out swinging
|
| Top of the 2nd over - 1 run, 3 hits, 0 errors, 2 left on base; Arkansas 1 - Jackson 0 |
| BOTTOM OF THE 2ND |
|
Jackson Generals batting - Pitching for Arkansas Travelers : RHP Bartholomeu Voivodic
|
|
Batting: RHB Chris Olheiser
|
0-0: Called Strike 0-1: SINGLE (Line Drive, 4MD, EV 103.1 MPH)
|
|
Batting: RHB Jose Zuniga
|
0-0: Ball 1-0: Ball 2-0: Ball 3-0: Base on Balls Chris Olheiser to second
|
|
Batting: RHB Mike Conaway
|
0-0: Ball 1-0: Fly out, F7 (Line Drive, 7, EV 90.0 MPH)
|
|
Batting: RHB Chris Van Niel
|
0-0: Foul Ball, location: 2F 0-1: Ball 1-1: Swinging Strike 1-2: Foul Ball, location: 2F 1-2: Fly out, F9 (Flyball, 89D, EV 95.0 MPH)
|
|
Batting: RHB Jesus Santiago
|
0-0: Called Strike 0-1: Called Strike 0-2: Ball 1-2: Foul Ball, location: 2F 1-2: Ball 2-2: Ground out U3 (Groundball, 13, EV 80.6 MPH)
|
| Bottom of the 2nd over - 0 runs, 1 hit, 0 errors, 2 left on base; Arkansas 1 - Jackson 0 |
| TOP OF THE 3RD |
|
Arkansas Travelers batting - Pitching for Jackson Generals : RHP Kyle Wood
|
|
Batting: RHB Nick Lombardo
|
0-0: Ball 1-0: Ground out 1-3 (Groundball, 13S, EV 70.6 MPH)
|
|
Batting: RHB Ricky Mejicanos
|
0-0: Ball 1-0: Fly out, F4 (Line Drive, 4, EV 76.9 MPH)
|
|
Batting: RHB Kyler Seitz
|
0-0: Called Strike 0-1: Foul Ball, location: 2F 0-2: Ball 1-2: Foul Ball, location: 2F 1-2: Ball 2-2: Ground out 4-3 (Groundball, 34, EV 83.1 MPH)
|
| Top of the 3rd over - 0 runs, 0 hits, 0 errors, 0 left on base; Arkansas 1 - Jackson 0 |
| BOTTOM OF THE 3RD |
|
Jackson Generals batting - Pitching for Arkansas Travelers : RHP Bartholomeu Voivodic
|
|
Batting: RHB Enrique Valdez
|
0-0: Foul Ball, location: 2F 0-1: Foul Ball, location: 2F 0-2: Ball 1-2: Fly out, F8 (Flyball, 8RD, EV 104.4 MPH)
|
|
Batting: LHB Chris Jackson
|
0-0: Ball 1-0: Called Strike 1-1: SINGLE (Line Drive, 7LS, EV 106.2 MPH)
|
|
Batting: LHB Addisu Nyamekye
|
0-0: Ball 1-0: Ball 2-0: Ball 3-0: Called Strike 3-1: Base on Balls Chris Jackson to second
|
|
Batting: LHB Jason Kinney
|
0-0: Ball 1-0: Ball 2-0: Foul Ball, location: 2F 2-1: Ball 3-1: Ground out 5-3 (Groundball, 15, EV 83.8 MPH) Chris Jackson to third Addisu Nyamekye to second
|
|
Batting: RHB Chris Olheiser
|
0-0: Called Strike 0-1: Ball 1-1: Ball 2-1: Swinging Strike 2-2: Ground out 6-3 (Groundball, 56, EV 93.8 MPH)
|
| Bottom of the 3rd over - 0 runs, 1 hit, 0 errors, 2 left on base; Arkansas 1 - Jackson 0 |
| TOP OF THE 4TH |
|
Arkansas Travelers batting - Pitching for Jackson Generals : RHP Kyle Wood
|
|
Batting: LHB Mutsuo IIda
|
0-0: Called Strike 0-1: Ball 1-1: Ball 2-1: Called Strike 2-2: Foul Ball, location: 2F 2-2: Ball 3-2: Foul Ball, location: 2F 3-2: Base on Balls
|
|
Batting: RHB Juan Montez
|
0-0: Foul Ball, location: 2F 0-1: Ball 1-1: Ball 2-1: Called Strike Mutsuo IIda is caught stealing 2nd base 2-4 2-2: Ball 3-2: DOUBLE (Flyball, 8LXD, EV 105.6 MPH)
|
|
Batting: RHB Kinya Nishimura
|
0-0: Foul Ball, location: 2F 0-1: Ball 1-1: Called Strike 1-2: Ball Passed Ball! Juan Montez to third 2-2: Ball 3-2: Foul Ball, location: 2F 3-2: Base on Balls
|
|
Batting: RHB Danny Bjarnson
|
0-0: Ball 1-0: Foul Ball, location: 2F 1-1: Ball 2-1: Grounds into double play, 6-4-3 (Groundball, 6, EV 93.1 MPH)
|
| Top of the 4th over - 0 runs, 1 hit, 0 errors, 1 left on base; Arkansas 1 - Jackson 0 |
| BOTTOM OF THE 4TH |
|
Jackson Generals batting - Pitching for Arkansas Travelers : RHP Bartholomeu Voivodic
|
|
Batting: RHB Jose Zuniga
|
0-0: Ball 1-0: SINGLE (Line Drive, 34D, EV 110.0 MPH)
|
|
Batting: RHB Mike Conaway
|
0-0: Swinging Strike 0-1: Ball 1-1: Ball 2-1: Foul Ball, location: 2F 2-2: Fly out, F6 (Popup, 6S, EV 73.8 MPH)
|
|
Pitching: RHP Kennie Williams
|
|
|
Batting: RHB Chris Van Niel
|
0-0: Ball 1-0: Fielders Choice at 2nd, 6-4 (Groundball, 6, EV 85.0 MPH)
|
|
Batting: RHB Jesus Santiago
|
0-0: SINGLE (Groundball, 34D, EV 103.8 MPH) Chris Van Niel to second Runner from 2nd tries for 3rd, SAFE, throw by RF made to third
|
|
Batting: RHB Enrique Valdez
|
0-0: Called Strike 0-1: Ball 1-1: Swinging Strike 1-2: Fielders Choice at 2nd, 5-4 (Groundball, 56, EV 100.0 MPH)
|
| Bottom of the 4th over - 0 runs, 2 hits, 0 errors, 2 left on base; Arkansas 1 - Jackson 0 |
| TOP OF THE 5TH |
|
Arkansas Travelers batting - Pitching for Jackson Generals : RHP Kyle Wood
|
|
Batting: RHB Phil Knox
|
0-0: Ball 1-0: DOUBLE (Groundball, 5L, EV 105.0 MPH)
|
|
Batting: RHB Davey Verhoog
|
0-0: Called Strike 0-1: Fly out, F3 (Popup, 3SF, EV 83.1 MPH)
|
|
Batting: RHB Nick Lombardo
|
0-0: Swinging Strike 0-1: Ground out 4-3 (Groundball, 34, EV 110.6 MPH) Phil Knox to third
|
|
Batting: RHB Ricky Mejicanos
|
0-0: Swinging Strike 0-1: Ball 1-1: Called Strike 1-2: Ball 2-2: Foul Ball, location: 2F 2-2: Foul Ball, location: 2F 2-2: Ground out 4-3 (Groundball, 4, EV 84.4 MPH)
|
| Top of the 5th over - 0 runs, 1 hit, 0 errors, 1 left on base; Arkansas 1 - Jackson 0 |
| BOTTOM OF THE 5TH |
|
Jackson Generals batting - Pitching for Arkansas Travelers : RHP Kennie Williams
|
|
Batting: LHB Chris Jackson
|
0-0: Ball 1-0: Called Strike 1-1: Called Strike 1-2: DOUBLE (Line Drive, 7LM, EV 103.8 MPH)
|
|
Batting: LHB Addisu Nyamekye
|
0-0: Called Strike 0-1: Called Strike 0-2: Foul Ball, location: 2F 0-2: Ball 1-2: Strikes out swinging
|
|
Batting: LHB Jason Kinney
|
0-0: DOUBLE (Line Drive, 78M, EV 106.9 MPH) Chris Jackson scores
|
|
Batting: RHB Chris Olheiser
|
0-0: Ball 1-0: Ground out 3-1 (Groundball, 34, EV 88.8 MPH) Jason Kinney to third
|
|
Batting: RHB Jose Zuniga
|
0-0: Ball 1-0: Ball 2-0: Ball 3-0: DOUBLE (Line Drive, 9LS, EV 99.4 MPH) Jason Kinney scores
|
|
Batting: RHB Mike Conaway
|
0-0: Ground out 5-3 (Groundball, 56, EV 89.4 MPH)
|
| Bottom of the 5th over - 2 runs, 3 hits, 0 errors, 1 left on base; Arkansas 1 - Jackson 2 |
| TOP OF THE 6TH |
|
Arkansas Travelers batting - Pitching for Jackson Generals : RHP Kyle Wood
|
|
Batting: RHB Kyler Seitz
|
0-0: Called Strike 0-1: Ball 1-1: Ball 2-1: Ground out 5-3 (Groundball, 56S, EV 90.6 MPH)
|
|
Batting: LHB Mutsuo IIda
|
0-0: Ball 1-0: Fly out, F8 (Flyball, 8RD, EV 86.9 MPH)
|
|
Batting: RHB Juan Montez
|
0-0: Ball 1-0: Ball 2-0: SINGLE (Flyball, 8LS, EV 100.6 MPH)
|
|
Batting: RHB Kinya Nishimura
|
0-0: Fielders Choice at 2nd, 5-4 (Groundball, 5L, EV 90.0 MPH)
|
| Top of the 6th over - 0 runs, 1 hit, 0 errors, 1 left on base; Arkansas 1 - Jackson 2 |
| BOTTOM OF THE 6TH |
|
Jackson Generals batting - Pitching for Arkansas Travelers : RHP Kennie Williams
|
|
Batting: RHB Chris Van Niel
|
0-0: Ball 1-0: Called Strike 1-1: Called Strike 1-2: Strikes out looking
|
|
Batting: RHB Jesus Santiago
|
0-0: Ball 1-0: Ball 2-0: Swinging Strike 2-1: Ball 3-1: Base on Balls
|
|
Batting: RHB Enrique Valdez
|
0-0: Swinging Strike 0-1: Ball 1-1: Swinging Strike 1-2: Foul Ball, location: 2F 1-2: Foul Ball, location: 2F 1-2: Foul Ball, location: 2F 1-2: Strikes out swinging
|
|
Batting: LHB Chris Jackson
|
0-0: Ball 1-0: Foul Ball, location: 2F 1-1: Ball 2-1: Ground out 4-3 (Groundball, 4S, EV 65.6 MPH)
|
| Bottom of the 6th over - 0 runs, 0 hits, 0 errors, 1 left on base; Arkansas 1 - Jackson 2 |
| TOP OF THE 7TH |
|
Arkansas Travelers batting - Pitching for Jackson Generals : RHP Kyle Wood
|
|
Batting: RHB Danny Bjarnson
|
0-0: Ball 1-0: Ball 2-0: SINGLE (Groundball, 4MD, EV 98.8 MPH)
|
|
Pinch Hitting: LHB Dave Hicks
|
0-0: Called Strike 0-1: Ball 1-1: Swinging Strike 1-2: Foul Ball, location: 2F 1-2: DOUBLE (Line Drive, 89D, EV 108.1 MPH) Danny Bjarnson to third
|
|
Pitching: RHP Jose Rios
|
|
|
Pinch Hitting: LHB Spencer Palmer
|
0-0: Ball 1-0: Ground out 4-3 (Groundball, 4, EV 86.2 MPH) Danny Bjarnson scores Dave Hicks to third
|
|
Batting: RHB Nick Lombardo
|
0-0: Ground out 4-3 (Groundball, 4, EV 89.4 MPH)
|
|
Batting: RHB Ricky Mejicanos
|
0-0: Called Strike 0-1: Ball 1-1: Reached on error, E6 (Groundball, 56D, EV 88.8 MPH) Dave Hicks scores
|
|
Batting: RHB Kyler Seitz
|
0-0: Ball 1-0: Ball 2-0: Called Strike 2-1: Foul Ball, location: 2F 2-2: Strikes out swinging
|
| Top of the 7th over - 2 runs, 2 hits, 1 error, 1 left on base; Arkansas 3 - Jackson 2 |
| BOTTOM OF THE 7TH |
|
Jackson Generals batting - Pitching for Arkansas Travelers : RHP Kennie Williams
|
|
Pitching: LHP Jose Rivera
|
|
|
Now at C: Spencer Palmer
|
|
|
Now at 3B: Kinya Nishimura
|
|
|
Now in RF: T.J. Gray
|
|
|
Batting: LHB Addisu Nyamekye
|
0-0: Ball 1-0: Fly out, F8 (Line Drive, 8RD, EV 89.4 MPH)
|
|
Batting: RHB Paul Shell
|
0-0: Ball 1-0: Called Strike 1-1: Ball 2-1: Ball 3-1: Foul Ball, location: 2F 3-2: Ground out 5-3 (Groundball, 56, EV 96.9 MPH)
|
|
Pitching: RHP Jose Alvarado
|
|
|
Batting: RHB Chris Olheiser
|
0-0: Ball 1-0: Ball 2-0: Ground out U3 (Groundball, 34, EV 90.6 MPH)
|
| Bottom of the 7th over - 0 runs, 0 hits, 0 errors, 0 left on base; Arkansas 3 - Jackson 2 |
| TOP OF THE 8TH |
|
Arkansas Travelers batting - Pitching for Jackson Generals : RHP Jose Rios
|
|
Batting: LHB Mutsuo IIda
|
0-0: Called Strike 0-1: Foul Ball, location: 2F 0-2: Ball 1-2: DOUBLE (Groundball, 5L, EV 109.4 MPH)
|
|
Batting: RHB Juan Montez
|
0-0: Intentional Walk
|
|
Batting: RHB Kinya Nishimura
|
0-0: Called Strike 0-1: Fly out, F9 (Flyball, 89S, EV 83.8 MPH)
|
|
Batting: RHB Danny Bjarnson
|
0-0: Ball 1-0: Ball Mutsuo IIda steals 3rd base 2-0: Called Strike 2-1: Foul Ball, location: 2F 2-2: Fly out, F7 (Line Drive, 56D, EV 67.5 MPH)
|
|
Batting: RHB T.J. Gray
|
0-0: Ball 1-0: Ball 2-0: Called Strike 2-1: Foul Ball, location: 2F 2-2: Strikes out looking
|
| Top of the 8th over - 0 runs, 1 hit, 0 errors, 2 left on base; Arkansas 3 - Jackson 2 |
| BOTTOM OF THE 8TH |
|
Jackson Generals batting - Pitching for Arkansas Travelers : RHP Jose Alvarado
|
|
Batting: RHB Jose Zuniga
|
0-0: Swinging Strike 0-1: Ball 1-1: Swinging Strike 1-2: Strikes out swinging
|
|
Batting: RHB Mike Conaway
|
0-0: Ball 1-0: Ball 2-0: Ball 3-0: Base on Balls
|
|
Pinch Hitting: RHB Kinzo Yokoyama
|
0-0: Ball 1-0: Called Strike 1-1: Ball Pickoff Throw to First - Out! 1-3 CS 2-1: SINGLE (Groundball, 5S, EV 69.4 MPH) (infield hit)
|
|
Batting: RHB Jesus Santiago
|
0-0: Called Strike 0-1: Ball 1-1: Called Strike 1-2: Ground out U3 (Groundball, 3, EV 101.9 MPH)
|
| Bottom of the 8th over - 0 runs, 1 hit, 0 errors, 1 left on base; Arkansas 3 - Jackson 2 |
| TOP OF THE 9TH |
|
Arkansas Travelers batting - Pitching for Jackson Generals : RHP Jose Rios
|
|
Now at 1B: Kinzo Yokoyama
|
|
|
Now at SS: Addisu Nyamekye
|
|
|
Batting: LHB Spencer Palmer
|
0-0: Foul Ball, location: 3F, Error on foul ball, E3 0-1: Swinging Strike 0-2: Ball 1-2: Foul Ball, location: 2F 1-2: Ball 2-2: Ball 3-2: Base on Balls
|
|
Batting: RHB Nick Lombardo
|
0-0: Reached on error, E6 (Groundball, 6, EV 102.5 MPH) Spencer Palmer to second
|
|
Batting: RHB Ricky Mejicanos
|
0-0: Ball 1-0: Foul Ball, location: 2F 1-1: Ball 2-1: Ball 3-1: DOUBLE (Line Drive, 7LS, EV 99.4 MPH) Spencer Palmer scores Nick Lombardo to third Runner from 3rd tries for Home, SAFE, throw by LF to home
|
|
Batting: RHB Kyler Seitz
|
0-0: Ball 1-0: Called Strike 1-1: Fly out, F9 (Flyball, 89S, EV 88.1 MPH)
|
|
Batting: LHB Mutsuo IIda
|
0-0: Ball 1-0: Ball 2-0: Ball 3-0: Fly out, F9 (Flyball, 89D, EV 83.8 MPH) Runner from 2nd tags up, SAFE at 3rd, no throw by RF
|
|
Batting: RHB Juan Montez
|
0-0: Ball 1-0: Foul Ball, location: 2F 1-1: Ball 2-1: Foul Ball, location: 2F 2-2: Ball 3-2: Fly out, F8 (Flyball, 8LD, EV 104.4 MPH)
|
| Top of the 9th over - 2 runs, 1 hit, 2 errors, 1 left on base; Arkansas 5 - Jackson 2 |
| BOTTOM OF THE 9TH |
|
Jackson Generals batting - Pitching for Arkansas Travelers : RHP Jose Alvarado
|
|
Pitching: LHP Ismael Diaz
|
|
|
Batting: RHB Enrique Valdez
|
0-0: Ground out 4-3 (Groundball, 4, EV 86.9 MPH)
|
|
Batting: LHB Chris Jackson
|
0-0: Called Strike 0-1: Ball 1-1: Swinging Strike 1-2: Strikes out swinging
|
|
Batting: LHB Addisu Nyamekye
|
0-0: Called Strike 0-1: Fly out, F8 (Flyball, 8RM, EV 94.4 MPH)
|
| Bottom of the 9th over - 0 runs, 0 hits, 0 errors, 0 left on base; Arkansas 5 - Jackson 2 |
|